 Dungeon Crawl Stone Soup version 0.27-a0-836-gfc908b8576 (webtiles) character file.

Game seed: 17873543841075172246

115668 polve the Alchemist (level 15, -4/133 HPs)
             Began as a Yellow Draconian Transmuter on Mar 31, 2021.
             Was the Champion of Jiyva.
             Shot with an arrow by a satyr (8 damage)
             ... on level 2 of the Shoals.
             The game lasted 01:07:54 (40066 turns).

polve the Alchemist (Yellow Draconian Transmuter)  Turns: 40066, Time: 01:07:55

Health: -4/133     AC: 22    Str:  8    XL:     15   Next: 86%
Magic:  22/28      EV: 20    Int: 23    God:    Jiyva [******]
Gold:   503        SH:  4    Dex: 17    Spells: 4/32 levels left

rFire    . . .     SeeInvis .     - Unarmed
rCold    . . .     Faith    .   (shield currently unavailable)
rNeg     . . .     Spirit   .   (armour unavailable)
rPois    .         Reflect  .   O - +1 hat
rElec    +         Harm     .   f - +2 cloak
rCorr    +         Rampage  .   (gloves currently unavailable)
Will     ++++.     Rnd*Rage +   d - +2 pair of boots
Stlth    ++++......             t - necklace of Bloodlust {*Rage +Rage Will++ Int-3 Slay+6}
HPRegen  0.32/turn              s - ring "Ynlol" {EV+4 Int+3}
MPRegen  0.21/turn              e - +4 ring of protection

@: blade hands, berserk cooldown, very slightly contaminated, slowed, studying
Crossbows, very slow
A: spit acid, AC +9, unfitting armour, acidic bite, cold-blooded, acid
resistance, claws 1, large bone plates 1, clever 2, strong-willed 1, mutation
resistance 1, electricity resistance, gelatinous body 2, pseudopods 1,
translucent skin 3, jelly sensing items
}: 1/15 runes: slimy
a: Breathe Acid, End Transformation, Renounce Religion, Evoke Berserk Rage,
Request Jelly, Slimify, Cure Bad Mutation


You were on level 2 of the Shoals.
You worshipped Jiyva.
Jiyva was exalted by your worship.
You had blades for hands.
You visited 7 branches of the dungeon, and saw 32 of its levels.
You also visited: Sewer.

You collected 1527 gold pieces.
You spent 1024 gold pieces at shops.

Inventory:

Armour
 b - the +3 warlock's mirror (melded) {reflect}
   (You acquired it on level 4 of the Dungeon)
 d - a +2 pair of boots (worn)
 f - a +2 cloak (worn)
 O - a +1 hat (worn)
Jewellery
 a - the ring "Bobb" {Fire +Fly rElec Will++ Dex-3}
   (You found it on level 5 of the Pits of Slime)

   [ring of fire]

   It enhances your fire magic.
   It affects your dexterity (-3).
   It protects you from fire.
   It makes you vulnerable to cold.
   It insulates you from electricity.
   It grants you flight.
   It greatly increases your willpower.
 e - a +4 ring of protection (right blade hand)
 o - an amulet of reflection
 s - the ring "Ynlol" (left blade hand) {EV+4 Int+3}
   (You found it on level 5 of the Pits of Slime)

   [ring of evasion]

   It affects your evasion (+4).
   It affects your intelligence (+3).
 t - the necklace of Bloodlust (around neck) {*Rage +Rage Will++ Int-3 Slay+6}
   (You found it on level 5 of the Pits of Slime)

   [amulet of nothing]

   It affects your intelligence (-3).
   It affects your accuracy and damage with ranged weapons and melee attacks
   (+6).
   It lets you go berserk.
   It may make you go berserk in combat.
   It greatly increases your willpower.
Wands
 g - a wand of digging (10)
 h - a wand of random effects (32)
 l - a wand of paralysis (8)
 r - a wand of iceblast (18)
 u - a wand of acid (7)
 w - a wand of mindburst (30)
 E - a wand of flame (21)
Scrolls
 m - 2 scrolls of immolation
 n - 2 scrolls of amnesia
 v - a scroll of fear
 C - 2 scrolls of enchant weapon
 F - a scroll of blinking
 H - a scroll of magic mapping
 I - a scroll of enchant armour
 J - 2 scrolls of identify
 L - a scroll of brand weapon
 M - a scroll of teleportation
 N - a scroll of holy word
Potions
 c - a potion of ambrosia
 i - 5 potions of flight
 j - 8 potions of curing
 k - 2 potions of brilliance
 p - 2 potions of berserk rage
 q - a potion of degeneration {unknown}
 x - 3 potions of mutation
 z - 4 potions of haste
 A - 2 potions of lignification
 B - a potion of attraction {unknown}
 G - a potion of cancellation {unknown}


   Skills:
 - Level 12.2 Fighting
 - Level 5.0 Dodging
 * Level 5.6 Stealth
 - Level 4.0 Shields
 - Level 11.7 Unarmed Combat
 + Level 9.4 Spellcasting
 - Level 6.0 Translocations
 - Level 18.4 Transmutations


You had 4 spell levels left.
You knew the following spells:

 Your Spells              Type           Power      Damage    Failure   Level
a - Beastly Appendage     Tmut           100%       N/A       3%          1
b - Blink                 Tloc           N/A        N/A       14%         2
c - Wereblood             Tmut           77%        N/A       3%          2
d - Dragon Form           Tmut           38%        N/A       24%         7
e - Blade Hands           Tmut           38%        N/A       12%         6
h - Hydra Form            Tmut           38%        N/A       7%          5
z - Irradiate             Conj/Tmut      26%        3d22      28%         5

Your spell library contained the following spells:

 Spells                   Type           Power      Damage    Failure   Level
 Spider Form              Tmut/Pois      26%        N/A       11%         3
 Ice Form                 Ice/Tmut       52%        N/A       17%         4
 Petrify                  Tmut/Erth      52%        N/A       17%         4
 Animate Skeleton         Necr           20%        N/A       36%         1
 Foxfire                  Conj/Fire      40%        2x1d6     36%         1
 Magic Dart               Conj           40%        1d5       36%         1
 Pain                     Necr           40%        1d6       36%         1
 Sandblast                Erth           20%        2d7       36%         1
 Call Imp                 Summ           10%        N/A       43%         2
 Corpse Rot               Necr/Air       N/A        N/A       43%         2
 Poisonous Vapours        Pois/Air       20%        N/A       43%         2
 Searing Ray              Conj           20%        3d3       43%         2
 Slow                     Hex            10%        N/A       43%         2
 Iskenderun's Mystic Bla  Conj/Tloc      24%        2d7       58%         4
 Conjure Flame            Conj/Fire      10%        6-21      61%         3
 Dazzling Flash           Conj/Hex       20%        N/A       61%         3
 Inner Flame              Hex/Fire       10%        N/A       61%         3
 Mephitic Cloud           Conj/Pois/Air  10%        N/A       61%         3
 Stone Arrow              Conj/Erth      20%        3d8       61%         3
 Vampiric Draining        Necr           5%         2d6       61%         3
 Animate Dead             Necr           5%         N/A       88%         4
 Fulminant Prism          Conj/Hex       5%         3d7       88%         4
 Hailstorm                Conj/Ice       10%        3d5       88%         4
 Sticky Flame             Conj/Fire      10%        2d3       88%         4
 Statue Form              Tmut/Erth      34%        N/A       65%         6
 Agony                    Necr           10%        N/A       99%         5
 Borgnjor's Vile Clutch   Necr/Erth      5%         N/A       99%         5
 Excruciating Wounds      Necr           5%         N/A       99%         5
 Fireball                 Conj/Fire      5%         3d5       99%         5
 Freezing Cloud           Conj/Ice/Air   5%         6-21      100%        6
 Simulacrum               Ice/Necr       5%         N/A       100%        6


Dungeon Overview and Level Annotations

Branches:
Dungeon (15/15)            Temple (1/1) D:6            Lair (6/6) D:9
 Shoals (2/4) Lair:4        Snake (1/4) Lair:2        Slime (5/5) Lair:6
    Orc (2/2) D:10            Elf (0/3) Orc:2        Vaults (0/5) D:14
 Depths (0/5) D:15          Sewer (visited)

Altars:
Ashenzari
Cheibriados
Dithmenos
Elyvilon
Fedhas
Gozag
Hepliaklqana
Kikubaaqudgha
Makhleb
Nemelex Xobeh
Okawaru
Qazlal
Ru
Sif Muna
Trog
Uskayaw
Vehumet
Wu Jian
Xom
Yredelemnul
Zin
The Shining One
Jiyva

Shops:
D:1 ?   D:2 =   D:3 *==(?   D:15 :   Orc:2 (*!==

Annotations:
D:8 3 runed translucent doors, wakim's ghost, novice TeAE
D:11 exclusion: hydra
Lair:1 exclusion: hydra
Slime:5 Royal Jelly


Innate Abilities, Weirdness & Mutations

You have blades for hands.
Your spellcasting is less reliable in this form.
You are incapable of wielding weapons or throwing items.
You can spit globs of acid.
Your golden yellow scales are hard. (AC +9)
You cannot fit into any form of body armour.
You have acidic saliva.
You are cold-blooded and may be slowed by cold attacks.
You are resistant to acid. (rCorr)
You have sharp fingernails.
You are partially covered in large bone plates. (SH +4)
Your mind is very acute. (Int +4)
You are strong-willed. (Will+)
You are somewhat resistant to further mutation.
You are resistant to electric shocks. (rElec)
Your pliable body absorbs attacks. (AC +2, EV +2)
Armour fits poorly on your pseudopods.
Your transparent skin significantly reduces your foes' accuracy. (Stealth)
You have a small jelly attached to you that senses nearby items.


Message History

You block the merfolk's attack.
The merfolk hits you from afar with a +0 trident.
A satyr comes into view. It is wielding a +0 spear.
The merfolk hits you but does no damage.
The satyr moves out of view.
You slash the merfolk! x2; You bite the merfolk.
The merfolk is splashed with acid.
The merfolk is heavily wounded.
The merfolk closely misses you.
The satyr shouts!
You slice the merfolk!!
Your tail-slap misses the merfolk.
The merfolk is almost dead.
The merfolk closely misses you. The merfolk hits you with a +0 trident.
* * * LOW HITPOINT WARNING * * *
You slice the merfolk!!
You kill the merfolk!
You hear a splash.
You enter the shallow water.
Moving in this stuff is going to be slow.
The satyr unwields a +0 spear.
The satyr wields a +0 longbow.
The satyr shoots an arrow.
The arrow hits you but does no damage.
The satyr shoots an arrow.
The arrow barely misses you.
The satyr shoots an arrow.
The arrow hits you!
* * * LOW HITPOINT WARNING * * *
The satyr shoots an arrow.
The arrow hits you!
* * * LOW HITPOINT WARNING * * *
The satyr shoots an arrow.
The arrow hits you!!
* * * LOW HITPOINT WARNING * * *
Things that are here:
a +0 trident; 4 boomerangs
Okay, then.
Splash!
You fall into the shallow water.
Moving in this stuff is going to be slow.
You see here a potion of brilliance.
Things that are here:
a +0 trident; 5 boomerangs; a merfolk corpse
There is a stone staircase leading up here.
The satyr shoots an arrow.
The arrow hits you!
You die...

≈≈≈≈≈≈.##.....≈≈≈#
≈≈≈≈≈≈≈..........#
≈≈≈≈≈≈≈≈≈≈≈......#
.≈≈≈≈≈≈.≈c≈≈.....# ≈
.≈≈≈≈≈...≈≈..)≈≈!# .≈
.≈≈≈≈≈.(≈≈≈≈<))≈.####.≈≈
.≈≈≈≈≈÷≈.≈≈≈)!.......≈≈≈
..≈≈≈≈≈≈.≈))≈))..≈≈≈≈≈≈≈
..≈≈≈≈≈≈≈≈≈≈....@≈≈≈≈≈≈≈
....≈.........##..≈≈≈≈≈≈
##....####≈..####.≈≈≈≈≈≈
#...# ##..# .≈≈≈≈≈≈ #≈..
#... ≈≈.≈≈≈≈ #≈.≈.
≈≈≈≈≈≈≈ ##... ≈≈≈≈≈≈≈
##.. ≈≈≈≈≈≈≈


You could see a satyr.

Vanquished Creatures
  Gastronok (Orc:1)
  A sphinx (D:13)
  Azrael (D:13)
  6 dire elephants (Lair:6)
  A merfolk javelineer (Shoals:2)
  2 ettins
  The ghost of ma3 the Grappler, a journeyman TrMo (D:11)
  Josephine (D:11)
  9 boulder beetles
  Harold (D:8)
  An anaconda (Lair:6)
  A catoblepas (Lair:6)
  9 hydras
  A two-headed ogre (D:13)
  5 death yaks (Lair:5)
  2 death knights
  2 merfolk avatars (Shoals:1)
  3 orc high priests (Orc:2)
  Sonja (Orc:1)
  2 fire crabs (Shoals:1)
  3 sea snakes (Shoals:1)
  6 orc knights (Orc:2)
  A harpy (shapeshifter) (D:14)
  2 wizards
  A wolf spider (D:15)
  4 orc sorcerers (Orc:2)
  5 cyclopes
  3 ugly things (D:14)
  7 fauns (Shoals:1)
  3 manticores
  An oklob plant (Lair:6)
  A slime creature (D:11)
  25 elephants
  A merfolk siren (Shoals:1)
  3 black mambas
  Maurice (D:8)
  A centaur zombie (D:11)
  2 water nymphs
  A naga mage (D:15)
  2 gargoyles
  A kobold demonologist (D:14)
  An unseen horror (D:12)
  11 cane toads
  2 yaktaurs (D:13)
  3 rime drakes
  15 komodo dragons
  17 merfolk
  7 trolls
  2 wind drakes (Shoals:1)
  2 polar bears
  Grinder (Sewer)
  2 hornets
  6 dream sheep (Lair:6)
  8 wraiths
  52 yaks
  2 shadows (D:10)
  5 basilisks
  2 fire elementals (D:13)
  12 humans (D:14)
  A fire bat (Shoals:1)
  2 wyverns
  2 steam dragons
  A hog (shapeshifter) (D:13)
  9 vampire mosquitoes
  A warg (Orc:2)
  A naga (Lair:1)
  3 hell hounds (D:13)
  10 water moccasins
  A sky beast (D:5)
  16 orc warriors
  5 black bears
  12 ice beasts
  18 wolves
  7 centaurs
  7 ogres
  2 phantoms
  6 kobold brigands
  10 bullfrogs
  2 scorpions (D:4)
  A water moccasin skeleton (D:6)
  2 troll zombies (D:10)
  4 killer bees (D:10)
  3 wights (D:8)
  4 electric eels
  4 howler monkeys
  A bullfrog zombie (D:6)
  A crimson imp (D:9)
  A quasit (Sewer)
  A hound (D:4)
  A bullfrog skeleton (D:6)
  7 jellies
  12 orc priests
  A centaur skeleton (D:5)
  10 iguanas
  8 orc wizards
  A scorpion zombie (D:5)
  A killer bee zombie (D:7)
  4 ogre zombies (D:10)
  A howler monkey zombie (D:10)
  A howler monkey skeleton (D:7)
  8 gnolls
  6 adders
  A shadow imp (Sewer)
  4 ufetubi (Sewer)
  An adder zombie (Sewer)
  4 worms
  A dart slug (D:3)
  46 orcs
  5 bats
  4 endoplasms
  4 giant cockroaches
  5 hobgoblins
  2 jackals (D:5)
  6 quokkas
  8 ball pythons
  6 frilled lizards
  11 goblins
  A goblin skeleton (D:10)
  4 goblin zombies (D:10)
  A hobgoblin skeleton (D:10)
  A hobgoblin zombie (D:10)
  38 kobolds
  2 orc skeletons (D:10)
  10 orc zombies (D:10)
  9 rats
648 creatures vanquished.

Vanquished Creatures (others)
  A centaur warrior (D:14)
  A boulder beetle (D:14)
  A cyclops (D:12)
  A cane toad (Lair:5)
  2 tengu conjurers (D:15)
  5 slime creatures
  3 meliai (D:13)
  A merfolk (Shoals:1)
  5 yaks (Lair:4)
  A fire bat (Shoals:1)
  A water moccasin (Lair:6)
  A human (D:3)
  3 wolves
  3 centaurs (D:14)
  A bullfrog (Lair:3)
  A scorpion (Lair:4)
  81 jellies
  3 howler monkeys (D:12)
  An electric eel (Lair:4)
  6 orcs
  An endoplasm (Sewer)
  117 fungi
  173 plants
413 creatures vanquished.

Grand Total: 1061 creatures vanquished

Notes
Turn   | Place    | Note
-------+----------+-------------------------------------------
     0 | D:1      | polve the Draconian Transmuter began the quest for the Orb.
     0 | D:1      | Reached XP level 1. HP: 16/16 MP: 3/3
   359 | D:1      | Reached XP level 2. HP: 23/23 MP: 5/5
   772 | D:1      | Found Noreox's Magic Scroll Shoppe.
  1158 | D:2      | Reached XP level 3. HP: 12/29 MP: 6/6
  1430 | D:2      | Found Huupeqoo's Jewellery Emporium.
  2551 | D:2      | Reached XP level 4. HP: 30/38 MP: 7/7
  3121 | D:3      | Found an ancient bone altar of Kikubaaqudgha.
  3170 | D:3      | Found a glowing silver altar of Zin.
  3290 | D:3      | Found Samaho's Jewellery Shoppe.
  3541 | D:3      | Found Jiomoc's Assorted Antiques.
  3693 | D:3      | Reached XP level 5. HP: 36/46 MP: 8/8
  3818 | D:3      | Noticed a human
  3819 | D:3      | Killed a human
  3869 | D:3      | Found Bosanil's Jewellery Boutique.
  3953 | D:3      | Found Jylohilom's Magic Scroll Boutique.
  4033 | D:3      | Found Unugiho's Antique Weapon Shop.
  4550 | D:4      | Noticed an ogre
  4558 | D:4      | Killed an ogre
  4559 | D:4      | Reached skill level 5 in Unarmed Combat
  4566 | D:4      | Learned a level 2 spell: Blink
  4569 | D:4      | Learned a level 2 spell: Wereblood
  4764 | D:4      | Reached XP level 6. HP: 48/53 MP: 7/9
  4817 | D:4      | Reached skill level 5 in Fighting
  5232 | D:4      | Your scales start taking on a golden yellow colour.
  5232 | D:4      | Reached XP level 7. HP: 62/62 MP: 10/10
  5232 | D:4      | Gained mutation: You are resistant to acid. (rCorr) [Yellow
                  | Draconian growth]
  5872 | D:4      | Found a stormy altar of Qazlal.
  5875 | D:4      | Noticed an air elemental
  5875 | D:4      | Noticed a fire elemental
  5875 | D:4      | Noticed a water elemental
  6082 | D:4      | Identified a scroll of acquirement
  6082 | D:4      | Acquired the +3 warlock's mirror {reflect}
  6083 | D:4      | Found the +3 warlock's mirror {reflect}
  6098 | D:5      | Entered Level 5 of the Dungeon
  6332 | D:5      | Found a burning altar of Makhleb.
  6347 | D:5      | Found a glowing drain.
  6368 | Sewer    | Entered a sewer
  6499 | Sewer    | Noticed Grinder
  6505 | Sewer    | Killed Grinder
  6506 | Sewer    | Reached XP level 8. HP: 28/70 MP: 11/11
  6770 | Sewer    | Found a burning altar of Makhleb.
  8481 | D:6      | Reached XP level 9. HP: 80/80 MP: 12/12
  8578 | D:6      | Found a staircase to the Ecumenical Temple.
  8643 | D:6      | Found a burning altar of Makhleb.
  8685 | D:6      | Reached skill level 1 in Translocations
  8847 | Temple   | Entered the Ecumenical Temple
  9215 | D:7      | Found a shadowy altar of Dithmenos.
  9505 | D:7      | Reached skill level 3 in Transmutations
  9538 | D:7      | Found a blossoming altar of Fedhas.
  9938 | D:7      | Reached skill level 4 in Transmutations
 10382 | D:8      | Noticed Maurice
 10398 | D:8      | Killed Maurice
 10399 | D:8      | Reached skill level 5 in Transmutations
 10655 | D:8      | Noticed a gargoyle
 10683 | D:8      | Reached skill level 5 in Translocations
 10686 | D:8      | Killed a gargoyle
 10687 | D:8      | Reached skill level 6 in Transmutations
 11006 | D:8      | Reached XP level 10. HP: 76/88 MP: 13/13
 11241 | D:8      | Found a hazy altar of Hepliaklqana.
 11244 | D:8      | Noticed Harold
 11244 | D:8      | Paralysed by Harold for 7 turns
 11260 | D:8      | Killed Harold
 11261 | D:8      | Reached skill level 7 in Transmutations
 11612 | D:8      | Noticed a boulder beetle
 11658 | D:8      | Killed a boulder beetle
 11659 | D:8      | Reached skill level 8 in Transmutations
 11967 | D:8      | Found a runed translucent gate.
 11967 | D:8      | Found a runed translucent gate.
 11967 | D:8      | Found a runed translucent gate.
 11973 | D:8      | Noticed wakim's ghost (novice TeAE)
 12085 | D:8      | Found a shimmering blue altar of Sif Muna.
 12125 | D:8      | Reached skill level 9 in Transmutations
 12899 | D:9      | Found a hide-covered altar of Uskayaw.
 13000 | D:9      | Reached skill level 10 in Transmutations
 13094 | D:9      | Noticed a wizard
 13127 | D:9      | Killed a wizard
 13353 | D:9      | Reached XP level 11. HP: 45/93 MP: 14/14
 13666 | D:9      | Reached skill level 11 in Transmutations
 13689 | D:9      | Learned a level 5 spell: Hydra Form
 13895 | D:9      | Found a staircase to the Lair.
 14385 | D:9      | Found an iron altar of Okawaru.
 14385 | D:9      | Found a bloodstained altar of Trog.
 14925 | D:3      | Bought a murky brown potion for 16 gold pieces
 14925 | D:3      | Bought a scroll labelled TEIFAP SIJELI for 18 gold pieces
 15067 | Lair:1   | Entered Level 1 of the Lair of Beasts
 15420 | Lair:1   | Reached skill level 12 in Transmutations
 16154 | Lair:1   | Reached skill level 13 in Transmutations
 17389 | Lair:1   | Noticed an eight-headed hydra
 17974 | Lair:2   | Found a staircase to the Snake Pit.
 18525 | Lair:2   | Reached XP level 12. HP: 79/103 MP: 15/15
 18959 | D:10     | Entered Level 10 of the Dungeon
 19658 | D:10     | Found a staircase to the Orcish Mines.
 20494 | D:11     | Identified Sif Muna's Guide on Transmigration and Attacks
 20558 | D:11     | Found a runed translucent gate.
 20558 | D:11     | Found a runed translucent gate.
 20566 | D:11     | Found a runed translucent gate.
 20600 | D:11     | Noticed ma3's ghost (journeyman TrMo)
 20602 | D:11     | Found a viscous altar of Jiyva.
 20813 | D:11     | Noticed a six-headed hydra
 20816 | D:11     | Noticed Josephine
 20847 | D:11     | Killed Josephine
 20848 | D:11     | Reached skill level 10 in Fighting
 20848 | D:11     | Reached skill level 5 in Dodging
 21812 | D:11     | Reached skill level 14 in Transmutations
 21965 | D:11     | Noticed a boulder beetle
 21989 | D:11     | Killed a boulder beetle
 22367 | D:11     | Killed ma3's ghost
 22431 | D:11     | Became a worshipper of Jiyva Jati the Shapeless
 22997 | Lair:2   | Reached * piety under Jiyva
 23355 | Lair:3   | Reached skill level 15 in Transmutations
 24132 | Lair:3   | Reached XP level 13. HP: 113/113 MP: 16/16
 24923 | Lair:4   | Reached skill level 16 in Transmutations
 25025 | Lair:4   | Reached ** piety under Jiyva
 25114 | Lair:4   | Found the +27 Lear's hauberk
 25124 | Lair:4   | Found a snail-covered altar of Cheibriados.
 25955 | Lair:4   | Found a staircase to the Shoals.
 26422 | Lair:5   | Reached skill level 17 in Transmutations
 26734 | Lair:5   | You fall into a shaft and drop 1 floor!
 26734 | Lair:6   | Entered Level 6 of the Lair of Beasts
 27320 | Lair:6   | Reached skill level 18 in Transmutations
 27522 | Lair:6   | Found a staircase to the Slime Pits.
 27542 | Lair:6   | Reached *** piety under Jiyva
 27542 | Lair:6   | Gained mutation: Your mind is acute. (Int +2) [Jiyva's
                  | grace]
 27559 | Lair:6   | Gained mutation: You have acidic saliva. [Yellow Draconian
                  | growth]
 27559 | Lair:6   | Reached XP level 14. HP: 121/121 MP: 12/17
 29632 | Lair:5   | Lost mutation: Your mind is acute. (Int +2) [potion of
                  | mutation]
 29632 | Lair:5   | Gained mutation: Your mind is acute. (Int +2) [potion of
                  | mutation]
 29632 | Lair:5   | Gained mutation: You evolve. [potion of mutation]
 29857 | Lair:6   | Reached skill level 10 in Unarmed Combat
 30366 | Lair:6   | Identified Rumecown's Handbook of the Dark Mountains
 30376 | Lair:6   | Learned a level 7 spell: Dragon Form
 30723 | D:12     | Found the +6 lightning scales {swift rElec}
 30841 | D:12     | Gained mutation: You possess an exceptional clarity of
                  | mind. [evolution]
 30841 | D:12     | Lost mutation: You evolve. [end of evolution]
 31756 | D:13     | Gained mutation: Your tail ends in a poisonous barb.
                  | [Jiyva's grace]
 31783 | D:13     | You fall into a shaft and drop 2 floors!
 31783 | D:15     | Entered Level 15 of the Dungeon
 31846 | D:15     | Found Woin's Book Shop.
 31855 | D:15     | Bought a book of Transfigurations for 990 gold pieces
 32039 | D:15     | Found an ancient bone altar of Kikubaaqudgha.
 32068 | D:15     | Reached **** piety under Jiyva
 32823 | D:15     | Found a staircase to the Depths.
 33100 | D:14     | Reached skill level 5 in Spellcasting
 33362 | D:14     | Gained mutation: You have sharp fingernails. [Jiyva's
                  | grace]
 33620 | D:14     | Learned a level 6 spell: Blade Hands
 34015 | D:14     | Found a gate to the Vaults.
 34087 | D:14     | Reached ***** piety under Jiyva
 34687 | D:13     | Noticed Azrael
 34696 | D:13     | Killed Azrael
 34697 | D:13     | Reached XP level 15. HP: 132/132 MP: 17/24
 34761 | D:13     | Gained mutation: Your translucent skin slightly reduces
                  | your foes' accuracy. (Stealth) [Jiyva's grace]
 35304 | D:13     | Noticed a sphinx
 35306 | D:13     | Paralysed by a sphinx for 4 turns
 35313 | D:13     | Killed a sphinx
 35580 | Orc:1    | Entered Level 1 of the Orcish Mines
 35600 | Orc:1    | Noticed Gastronok
 35606 | Orc:1    | Killed Gastronok
 35665 | Orc:2    | Entered Level 2 of the Orcish Mines
 35665 | Orc:2    | Found a staircase to the Elven Halls.
 35767 | Orc:2    | Gained mutation: You are somewhat resistant to further
                  | mutation. [Jiyva's grace]
 35880 | Orc:2    | Found Enlelauzu's Antique Weapon Emporium.
 35968 | Orc:2    | Gained mutation: You are partially covered in large bone
                  | plates. (SH +4) [Jiyva's grace]
 36379 | Orc:2    | Learned a level 5 spell: Irradiate
 36466 | Orc:2    | Gained mutation: Armour fits poorly on your pseudopods.
                  | [Jiyva's grace]
 36474 | Orc:2    | Reached ****** piety under Jiyva
 36611 | Orc:2    | Lost mutation: Your tail ends in a poisonous barb. [Jiyva's
                  | grace]
 36613 | Orc:2    | Found Luess's Jewellery Emporium.
 36613 | Orc:2    | Found Ibask's Jewellery Emporium.
 36616 | Orc:2    | Found Zuone's Distillery.
 36623 | Orc:2    | Found Faam's General Store.
 36804 | Orc:2    | Gained mutation: Your mind is very acute. (Int +4) [Jiyva's
                  | grace]
 36976 | Orc:1    | Gained mutation: Your translucent skin reduces your foes'
                  | accuracy. (Stealth) [Jiyva's grace]
 37015 | Orc:1    | Noticed Sonja
 37029 | Orc:1    | Killed Sonja
 37723 | Lair:6   | Reached skill level 1 in Stealth
 37726 | Slime:1  | Entered Level 1 of the Pits of Slime
 37789 | Slime:1  | Noticed a rockslime
 37796 | Slime:1  | Noticed an acid blob
 37872 | Slime:1  | Noticed an acid blob
 37890 | Slime:1  | Noticed an acid blob
 37894 | Slime:1  | Noticed an acid blob
 37911 | Slime:2  | Noticed an acid blob
 37945 | Slime:2  | Noticed an acid blob
 38009 | Slime:3  | Noticed an azure jelly
 38010 | Slime:3  | Noticed a rockslime
 38128 | Slime:4  | Noticed an acid blob
 38202 | Slime:4  | Noticed a rockslime
 38245 | Slime:4  | Noticed an acid blob
 38258 | Slime:5  | Entered Level 5 of the Pits of Slime
 38262 | Slime:5  | Lost mutation: You possess an exceptional clarity of mind.
                  | [Jiyva's grace]
 38265 | Slime:5  | Gained mutation: Your rubbery body absorbs attacks. (AC +1,
                  | EV +1) [Jiyva's grace]
 38266 | Slime:5  | Gained mutation: You are resistant to electric shocks.
                  | (rElec) [Jiyva's grace]
 38269 | Slime:5  | Gained mutation: You have a small jelly attached to you
                  | that senses nearby items. [Jiyva's grace]
 38278 | Slime:5  | Found a viscous altar of Jiyva.
 38278 | Slime:5  | Noticed an acid blob
 38278 | Slime:5  | Noticed an acid blob
 38280 | Slime:5  | Noticed an acid blob
 38283 | Slime:5  | Identified Qimmepp's Incunabulum of Torrid Sinister Rites
 38284 | Slime:5  | Noticed the Royal Jelly
 38285 | Slime:5  | Identified the ring "Bobb" {Fire +Fly rElec Will++ Dex-3}
 38288 | Slime:5  | Noticed an acid blob
 38288 | Slime:5  | Noticed an acid blob
 38289 | Slime:5  | Noticed an azure jelly
 38290 | Slime:5  | Found the necklace of Bloodlust {*Rage +Rage Will++ Int-3
                  | Slay+6}
 38292 | Slime:5  | Noticed an acid blob
 38293 | Slime:5  | Identified the ring "Ynlol" {EV+4 Int+3}
 38309 | Slime:5  | Got a slimy rune of Zot
 38321 | Slime:5  | Noticed an acid blob
 38323 | Slime:5  | Identified the +3 ring mail "Wobrunk" {rF+ Str+7}
 38375 | Slime:5  | Noticed an acid blob
 38375 | Slime:5  | Noticed an acid blob
 38470 | Slime:5  | Noticed an acid blob
 38559 | Slime:5  | Noticed an acid blob
 38561 | Slime:5  | Noticed an acid blob
 38565 | Slime:5  | Noticed an acid blob
 38727 | Snake:1  | Entered Level 1 of the Snake Pit
 38816 | Shoals:1 | Entered Level 1 of the Shoals
 39094 | Shoals:1 | Gained mutation: You are strong-willed. (Will+) [Jiyva's
                  | grace]
 39101 | Shoals:1 | You fall into a shaft and drop 1 floor!
 39228 | Shoals:1 | Gained mutation: Your pliable body absorbs attacks. (AC +2,
                  | EV +2) [Jiyva's grace]
 39593 | Shoals:1 | Reached skill level 5 in Stealth
 39870 | Shoals:1 | Gained mutation: Your transparent skin significantly
                  | reduces your foes' accuracy. (Stealth) [Jiyva's grace]
 40061 | Shoals:2 | HP: 1/133 [satyr/arrow (20)]
 40066 | Shoals:2 | Shot with an arrow by a satyr

Illustrated notes

Levels and vault maps discovered:
D:1:      onia_arrival_mini_maze, layout_basic, serial_shops,
          nicolae_shop_window_shopping, chequers_avenue
D:2:      layout_basic, serial_shops, nicolae_shop_waterfront,
          minmay_tetromino_l4
D:3:      layout_basic, lemuel_doored_altar, serial_shops, nicolae_shop_stone,
          shop, shop, shop, shop, tgw_kikubaaqudgha
D:4:      layout_basic, nicolae_qazlal_style_of_elements
D:5:      layout_cave_pools, portal_sewer_entry_a, bloody_makhleb
D:6:      layout_rooms, nicolae_overflow_crystal_walls,
          minmay_temple_entry_glassed_door, lightli_orcish_oven
D:7:      layout_gridville, grunt_dithmenos_smoke_and_mirrors, basic_altar
D:8:      layout_basic, nicolae_overflow_hidden_temple, kennysheep_mini,
          gammafunk_ghost_necromancy, minmay_splitting_lines, minmay_radiant,
          uniq_maurice, uniq_harold
D:9:      minmay_twisted_water, layout_stronghold,
          grunt_temple_overflow_bloody_war, nicolae_uskayaw_dance_studio,
          kennysheep_crisscross, lightli_wizard_tower
D:10:     layout_long_grid, zombieorc1_lemuel
D:11:     layout_basic, gammafunk_ghost_endoplasm,
          portal_ice_cave_entry_animals_and_master, uniq_josephine
D:12:     layout_gridville
D:13:     minmay_shrinking_squares, layout_basic, uniq_azrael
D:14:     layout_cave_pods, ximxim_vaults_locker_room, minmay_misc_feat_cross
D:15:     hangedman_depths_entry_try_elsewhere_first, layout_irregular_city,
          nicolae_kikubaaqudgha_miasma_corner, serial_shops, shop
Temple:   dpeg_chambers_temple
Lair:1:   beast_lair_carwin_large_4, layout_regular_city, grunt_megastairs_3
Lair:2:   layout_regular_city, guppyfry_snake_entry_island, grunt_megastairs_2,
          infiniplex_staircase_pool_2
Lair:3:   layout_gridlike
Lair:4:   layout_regular_city, elwin_shoals_entry_rooms, basic_altar,
          nicolae_quartered_pool_medium, lemuel_fruit_tree, serial_bayou_shore_b
Lair:5:   layout_gridlike
Lair:6:   due_jungle_book, layout_regular_city, minmay_slime_entry_oklob_open,
          grunt_megastairs_4
Shoals:1: layout_shoals, hangedman_shoal_volcano
Shoals:2: layout_shoals, nicolae_shoals_flooded_hall, uniq_polyphemus,
          uniq_ilsuiw
Snake:1:  cheibrodos_snake_lava_hold, layout_rooms, serial_bayou_pond_c,
          st_stairs_13, drop_trap
Slime:1:  layout_caves
Slime:2:  layout_caves, nicolae_slime_welcoming_committee
Slime:3:  layout_caves
Slime:4:  layout_caves
Slime:5
Orc:1:    layout_diamond_mine, uniq_gastronok, uniq_sonja
Orc:2:    st_orc_elflike, layout_diamond_mine, serial_shops, shop

Skill      XL: |  1  2  3  4  5  6  7  8  9 10 11 12 13 14 15 |
---------------+----------------------------------------------+-----
Fighting       | 2 3 4 5 6 7 8 10 11 12 | 12.2
Unarmed Combat | 4 5 6 9 11 | 11.7
Shields        | 4 |  4.0
Translocations | 5 6 |  6.0
Transmutations | 6 10 13 15 18 | 18.4
Dodging        | 3 5 |  5.0
Spellcasting   | 6 9 |  9.4
Stealth        | 5 |  5.6

Action                   |  1- 3 |  4- 6 |  7- 9 | 10-12 | 13-15 || total
-------------------------+-------+-------+-------+-------+-------++-------
Melee: Unarmed           |    86 |   145 |   346 |   889 |   821 ||  2287
       Kick              |    13 |    23 |    49 |   172 |    33 ||   290
       Tailslap          |     7 |    18 |    32 |   106 |   111 ||   274
       Headbutt          |     8 |    17 |    34 |   110 |    26 ||   195
       Punch             |     1 |     3 |     1 |       |    20 ||    25
       Bite              |       |       |       |       |    52 ||    52
       Pseudopods        |       |       |       |       |     9 ||     9
 Cast: Beastly Appendage |    17 |    26 |    38 |    56 |     8 ||   145
       Wereblood         |       |       |       |    14 |    10 ||    24
       Blink             |       |       |       |     5 |    18 ||    23
       Hydra Form        |       |       |       |    15 |    28 ||    43
       Dragon Form       |       |       |       |       |    33 ||    33
       Blade Hands       |       |       |       |       |     7 ||     7
 Abil: Breathe Acid      |       |       |    12 |    51 |    39 ||   102
       End Transformatio |       |       |       |       |     5 ||     5
Evoke: Wand              |       |       |     1 |       |       ||     1
  Use: Potion            |     1 |     5 |     2 |       |     5 ||    13
       Scroll            |       |       |    13 |     7 |     3 ||    23
 Stab: Sleeping          |     2 |       |       |       |     1 ||     3
Armor: Skin              |    16 |    28 |   120 |   226 |   393 ||   783
Dodge: Dodged            |    62 |    67 |   197 |   265 |   364 ||   955
Block: Buckler           |       |       |   126 |   363 |   154 ||   643
       Reflection        |       |       |    10 |    11 |    13 ||    34
       Other             |       |       |       |    42 |   154 ||   196

Table legend: (Time is in decaauts)
 A = Elapsed time spent in this place.
 B = Non-inter-level travel time spent in this place.
 C = Inter-level travel time spent in this place.
 D = Time resting spent in this place.
 E = Time spent auto-exploring this place.
 F = Levels seen in this place.
 G = Mean time per level.
                   A        B        C        D        E       F      G
               +--------+--------+--------+--------+--------+-----+--------+
         Total |  39927 |  37452 |   2475 |    567 |  31847 |  33 | 1209.9 |
       Dungeon |  22868 |  21306 |   1562 |    255 |  18441 |  15 | 1524.5 |
        Temple |    232 |    210 |     22 |      0 |    209 |   1 |  232.0 |
          Lair |  11776 |  11129 |    647 |     57 |   9561 |   6 | 1962.7 |
        Shoals |   1255 |   1241 |     14 |    171 |    806 |   2 |  627.5 |
     Snake Pit |      1 |      1 |      0 |      0 |      0 |   1 |    1.0 |
    Slime Pits |    917 |    777 |    140 |      0 |    704 |   5 |  183.4 |
  Orcish Mines |   1870 |   1782 |     88 |     69 |   1343 |   2 |  935.0 |
         Sewer |   1005 |   1005 |      0 |     15 |    781 |   1 | 1005.0 |
               +--------+--------+--------+--------+--------+-----+--------+

Top non-repeatable levels by time:
  Lair:1: 3173 daAuts
  Lair:6: 2737 daAuts
     D:8: 2690 daAuts
     D:9: 2290 daAuts
    D:10: 1885 daAuts
  Lair:5: 1837 daAuts
    D:11: 1774 daAuts
     D:3: 1735 daAuts
     D:4: 1623 daAuts
     D:2: 1531 daAuts
  Lair:4: 1433 daAuts
     D:1: 1354 daAuts
  Lair:2: 1329 daAuts
    D:15: 1322 daAuts
    D:14: 1279 daAuts
